BOSTON Bruins vs NEW YORK Rangers

Created - 29 avril 2024 at 14:02

Goals
1 2 3 T
BOSTON Bruins 2 1 2 5
NEW YORK Rangers 1 2 0 3
Shots
1 2 3 T
BOSTON Bruins 12 12 6 30
NEW YORK Rangers 6 9 12 27

1st period

1. BOSTON Bruins , Brad Marchand 1 (Adrian Kempe 1, Bo Horvat 1) at 7:30
2. BOSTON Bruins , Bo Horvat 1 (Adrian Kempe 2, Shea Theodore 1) at 11:03 (PP)
3. NEW YORK Rangers , Jared Spurgeon 1 (Brayden Schenn 1) at 19:28 (PP)

Penalties :
Justin Faulk (NYR) for Interference (Minor) at 4:35, Justin Faulk (NYR) for Delaying the game (Minor) at 9:35, Jaycob Megna (BOS) for Tripping (Minor) at 18:17

2nd period

4. NEW YORK Rangers , Jamie Benn 1 (Cam Fowler 1, Mats Zuccarello 1) at 9:21
5. BOSTON Bruins , Victor Hedman 1 (Bo Horvat 2, Kirill Kaprizov 1) at 11:39 (PP)
6. NEW YORK Rangers , Jared Spurgeon 2 (Chris Kreider 1, Mats Zuccarello 2) at 13:56

Penalties :
Andrew Peeke (BOS) for Cross-checking (Minor) at 5:46, Jacob Middleton (NYR) for Tripping (Minor) at 10:36, Jaycob Megna (BOS) for Holding (Minor) at 18:19

3rd period

7. BOSTON Bruins , Bo Horvat 2 (Adrian Kempe 3, Brad Marchand 1) at 12:34
8. BOSTON Bruins , Brad Marchand 2 (Victor Hedman 1, Bo Horvat 3) at 16:04 (PP)

Penalties :
Brad Hunt (BOS) for Roughing (Minor) at 0:27, Matt Dumba (BOS) for Holding (Minor) at 4:58, Cam Fowler (NYR) for Boarding (Minor) at 15:56, Tyler Myers (NYR) for Roughing (Minor) at 17:00

Goalie Stats

Tristan Jarry (BOS), 24 saves from 27 shots - (0,889), W, 1-0-0, 60:00 minutes
Linus Ullmark (NYR), 25 saves from 30 shots - (0,833), L, 0-1-0, 60:00 minutes

Players Stats for BOSTON Bruins

Player Name              G  A  P  +/- PIM S  H  SB GA TA FO     MP     PP MP  PK MP  
------------------------------------------------------------------------------------
Adam Lowry               0  0  0   0  0   1  0  1  0  0  10/18  11:28   0:09   7:01 
Adrian Kempe             0  3  3   1  0   3  5  0  0  0  1/1    19:13   3:31   0:00 
Andrew Peeke             0  0  0   0  2   1  0  5  0  0  0/0    19:17   0:00   4:38 
Blake Wheeler            0  0  0   0  0   3  0  0  0  0  0/1     9:27   0:00   0:00 
Bo Horvat                2  3  5   1  0   6  1  1  0  0  10/24  19:13   3:31   0:00 
Brad Hunt                0  0  0   0  2   0  0  0  0  0  0/0    14:03   0:00   0:16 
Brad Marchand            2  1  3   1  0   5  3  2  0  0  2/4    25:25   3:31   6:12 
Frank Vatrano            0  0  0  -1  0   0  1  0  0  0  0/2    17:55   3:06   0:00 
Jaycob Megna             0  0  0   0  4   0  1  0  0  0  0/0    14:47   0:00   1:01 
Joel Eriksson Ek         0  0  0  -1  0   2  1  0  0  0  11/21  19:48   3:06   1:53 
Kirill Kaprizov          0  1  1  -1  0   3  1  0  0  0  0/0    18:38   3:49   0:00 
Matt Dumba               0  0  0   0  2   0  5  3  0  0  0/0    21:46   2:48   4:19 
Michael Pezzetta         0  0  0   0  0   0  1  0  0  0  0/0     4:18   0:00   0:00 
Nathan Walker            0  0  0   0  0   2  0  0  0  0  1/1    11:42   0:00   2:15 
Phil Kessel              0  0  0   0  0   0  0  0  0  0  0/0     4:18   0:00   0:00 
Shea Theodore            0  1  1   0  0   2  1  0  0  0  0/0    22:31   2:48   3:55 
Tomas Hertl              0  0  0   0  0   1  0  0  0  0  4/14   12:37   2:57   0:13 
Victor Hedman            1  1  2   0  0   1  2  2  0  0  0/0    24:22   3:49   4:45 

Players Stats for NEW YORK Rangers

Player Name              G  A  P  +/- PIM S  H  SB GA TA FO     MP     PP MP  PK MP  
------------------------------------------------------------------------------------
Andrew Copp              0  0  0   0  0   0  2  0  0  0  8/11   15:21   4:16   0:00 
Brayden Schenn           0  1  1  -2  0   2  0  1  0  0  18/31  20:25   4:51   2:49 
Cam Fowler               0  1  1   0  2   0  0  0  0  0  0/0    21:58   3:59   2:15 
Casey Cizikas            0  0  0   0  0   0  0  0  0  0  1/3     4:22   0:00   0:00 
Chris Kreider            0  1  1   2  0   1  1  0  0  0  0/1    24:08   4:16   3:48 
Conor Garland            0  0  0  -2  0   2  1  0  0  0  1/3    12:45   0:00   0:00 
Dante Fabbro             0  0  0  -1  0   0  1  0  0  0  0/0    12:20   0:00   0:00 
Jacob Middleton          0  0  0  -1  2   0  0  1  0  0  0/0    15:04   0:00   2:45 
Jamie Benn               1  0  1   2  0   7  5  0  0  0  18/33  24:08   4:16   3:48 
Jared Spurgeon           2  0  2   1  0   4  0  4  0  0  0/0    25:41   5:08   4:22 
Justin Faulk             0  0  0   1  4   0  5  0  0  0  0/0    23:27   5:08   2:10 
Kasperi Kapanen          0  0  0   0  0   3  0  0  0  0  1/2    15:15   4:10   0:00 
Kirill Marchenko         0  0  0   0  0   0  0  0  0  0  0/1    11:05   0:00   0:00 
Mats Zuccarello          0  2  2   2  0   4  0  0  0  0  0/1    16:04   0:00   0:00 
Ryan Lomberg             0  0  0   0  0   0  1  0  0  0  0/0     4:22   0:00   0:00 
Timo Meier               0  0  0  -2  0   1  0  0  0  0  0/0    19:27   4:51   1:51 
Tyler Myers              0  0  0   0  2   2  5  0  0  0  0/0    21:25   3:59   1:42 
Vladislav Namestnikov    0  0  0   0  0   1  1  0  0  0  0/0     6:01   0:41   0:58 

3 Stars

1 - Bo Horvat (BOS)
2 - Brad Marchand (BOS)
3 - Adrian Kempe (BOS)

Power Play

BOSTON Bruins - 3 on 5 Attempt(s) - 60,00%
NEW YORK Rangers - 1 on 5 Attempt(s) - 20,00%

Penalty Kill

BOSTON Bruins - 4 on 5 Attempt(s) - 80,00% - Score 0 goal in Penalty Kill
NEW YORK Rangers - 2 on 5 Attempt(s) - 40,00% - Score 0 goal in Penalty Kill

Team Stat

BOSTON Bruins - Hits : 22 - Faceoff Wins : 39 - Blocked Shots : 14 - Penalty Minutes : 10
NEW YORK Rangers - Hits : 22 - Faceoff Wins : 47 - Blocked Shots : 6 - Penalty Minutes : 10

Official

Referees : Peter MacDougall and Corey Syvret
Linesman : Erin Blair and Scott Cherrey

Game Notes

No Game Note

Finance

Level 1 -- Attendance: 5459 (90,98%) -- Ticket Income $545,900
Level 2 -- Attendance: 4788 (95,76%) -- Ticket Income $287,280
Level 3 -- Attendance: 2000 (100,00%) -- Ticket Income $70,000
Level 4 -- Attendance: 4000 (100,00%) -- Ticket Income $80,000
Luxury Box -- Attendance: 884 (88,40%) -- Ticket Income $176,800
Game was played at the Madison Square Garden.
Total Attendance: 17131 (95,17%)
Total Ticket Income: $1,159,980
Other Income: $289,995
Total Income: $1,449,975

BOSTON Bruins

5 vs 5 Forward 
   Center                   Left Wing                Right Wing               Time % Phy DF OF 
 1 Bo Horvat                Brad Marchand            Adrian Kempe             38     1   2  2  
 2 Joel Eriksson Ek         Kirill Kaprizov          Frank Vatrano            34     1   2  2  
 3 Tomas Hertl              Nathan Walker            Blake Wheeler            20     1   2  2  
 4 Adam Lowry               Michael Pezzetta         Phil Kessel              8      1   2  2  

5 vs 5 Defense 
   Defense                  Defense                                           Time % Phy DF OF 
 1 Victor Hedman            Shea Theodore                                     43     1   2  2  
 2 Andrew Peeke             Matt Dumba                                        41     1   3  1  
 3 Jaycob Megna             Brad Hunt                                         16     2   2  1  
 4 Victor Hedman            Shea Theodore                                     0      1   2  2  

PowerPlay Forward 
   Center                   Left Wing                Right Wing               Time % Phy DF OF 
 1 Bo Horvat                Brad Marchand            Adrian Kempe             60     1   2  2  
 2 Tomas Hertl              Joel Eriksson Ek         Frank Vatrano            40     1   2  2  

PowerPlay Defense
   Defense                  Defense                                           Time % Phy DF OF 
 1 Victor Hedman            Kirill Kaprizov                                   60     1   2  2  
 2 Matt Dumba               Shea Theodore                                     40     1   2  2  

Penalty Kill 4 Players Forward 
   Center                   Wing                     Time % Phy DF OF 
 1 Adam Lowry               Brad Marchand            60     1   2  2  
 2 Joel Eriksson Ek         Andrew Peeke             40     1   2  2  

Penalty Kill 4 Players Defense
   Defense                  Defense                  Time % Phy DF OF 
 1 Victor Hedman            Andrew Peeke             60     1   2  2  
 2 Matt Dumba               Shea Theodore            40     1   2  2  

Penalty Kill - 3 Players Forward 
   Forward                                           Time % Phy DF OF 
 1 Adam Lowry                                        60     1   2  2  
 2 Joel Eriksson Ek                                  40     1   2  2  

Penalty Kill - 3 Players Defense
   Defense                  Defense                  Time % Phy DF OF 
 1 Victor Hedman            Andrew Peeke             60     1   2  2  
 2 Matt Dumba               Shea Theodore            40     1   2  2  

4 vs 4 Forward 
   Center                   Wing                     Time % Phy DF OF 
 1 Bo Horvat                Brad Marchand            60     1   2  2  
 2 Joel Eriksson Ek         Adrian Kempe             40     1   2  2  

4 vs 4 Defense
   Defense                  Defense                  Time % Phy DF OF 
 1 Victor Hedman            Shea Theodore            60     1   2  2  
 2 Andrew Peeke             Matt Dumba               40     1   2  2  

Last Minutes Offensive
   Center                   Left Wing                Right Wing               Defense                  Defense                  
   Bo Horvat                Kirill Kaprizov          Andrew Peeke             Victor Hedman            Shea Theodore            

Last Minutes Defensive
   Center                   Left Wing                Right Wing               Defense                  Defense                  
   Bo Horvat                Brad Marchand            Adrian Kempe             Victor Hedman            Andrew Peeke             

Goaltenders
Starting : Tristan Jarry            
Backup : Casey DeSmith            

Extra Forwards
Normal : Kirill Kaprizov, Tomas Hertl, Brad Marchand - PP : Kirill Kaprizov, Tomas Hertl - PK : Adam Lowry
Extra Defensemen
Normal : Victor Hedman, Shea Theodore, Matt Dumba - PP : Victor Hedman - PK : Andrew Peeke, Victor Hedman
Penalty Shots
Bo Horvat, Adrian Kempe, Kirill Kaprizov, Tomas Hertl, Brad Marchand

Scratches
None

NEW YORK Rangers

5 vs 5 Forward 
   Center                   Left Wing                Right Wing               Time % Phy DF OF 
 1 Jamie Benn               Chris Kreider            Mats Zuccarello          40     1   2  2  
 2 Brayden Schenn           Timo Meier               Conor Garland            30     1   2  2  
 3 Andrew Copp              Kasperi Kapanen          Kirill Marchenko         20     1   3  1  
 4 Casey Cizikas            Ryan Lomberg             Vladislav Namestnikov    10     3   2  0  

5 vs 5 Defense 
   Defense                  Defense                                           Time % Phy DF OF 
 1 Jared Spurgeon           Justin Faulk                                      40     0   3  2  
 2 Cam Fowler               Tyler Myers                                       33     1   3  1  
 3 Jacob Middleton          Dante Fabbro                                      26     2   2  1  
 4 Jared Spurgeon           Justin Faulk                                      1      1   2  2  

PowerPlay Forward 
   Center                   Left Wing                Right Wing               Time % Phy DF OF 
 1 Jamie Benn               Chris Kreider            Andrew Copp              60     1   2  2  
 2 Brayden Schenn           Timo Meier               Kasperi Kapanen          40     1   2  2  

PowerPlay Defense
   Defense                  Defense                                           Time % Phy DF OF 
 1 Jared Spurgeon           Justin Faulk                                      60     1   2  2  
 2 Cam Fowler               Tyler Myers                                       40     1   2  2  

Penalty Kill 4 Players Forward 
   Center                   Wing                     Time % Phy DF OF 
 1 Jamie Benn               Chris Kreider            60     1   2  2  
 2 Brayden Schenn           Timo Meier               40     1   2  2  

Penalty Kill 4 Players Defense
   Defense                  Defense                  Time % Phy DF OF 
 1 Jared Spurgeon           Justin Faulk             60     1   2  2  
 2 Cam Fowler               Tyler Myers              40     1   2  2  

Penalty Kill - 3 Players Forward 
   Forward                                           Time % Phy DF OF 
 1 Jamie Benn                                        60     1   2  2  
 2 Brayden Schenn                                    40     1   2  2  

Penalty Kill - 3 Players Defense
   Defense                  Defense                  Time % Phy DF OF 
 1 Jared Spurgeon           Justin Faulk             60     1   2  2  
 2 Cam Fowler               Tyler Myers              40     1   2  2  

4 vs 4 Forward 
   Center                   Wing                     Time % Phy DF OF 
 1 Jamie Benn               Chris Kreider            60     1   2  2  
 2 Brayden Schenn           Timo Meier               40     1   2  2  

4 vs 4 Defense
   Defense                  Defense                  Time % Phy DF OF 
 1 Jared Spurgeon           Justin Faulk             60     1   2  2  
 2 Cam Fowler               Tyler Myers              40     1   2  2  

Last Minutes Offensive
   Center                   Left Wing                Right Wing               Defense                  Defense                  
   Jamie Benn               Chris Kreider            Andrew Copp              Jared Spurgeon           Justin Faulk             

Last Minutes Defensive
   Center                   Left Wing                Right Wing               Defense                  Defense                  
   Jamie Benn               Chris Kreider            Andrew Copp              Jared Spurgeon           Justin Faulk             

Goaltenders
Starting : Linus Ullmark            
Backup : Joonas Korpisalo         

Extra Forwards
Normal : Brayden Schenn, Andrew Copp, Conor Garland - PP : Brayden Schenn, Andrew Copp - PK : Brayden Schenn
Extra Defensemen
Normal : Tyler Myers, Jacob Middleton, Dante Fabbro - PP : Tyler Myers - PK : Tyler Myers, Jacob Middleton
Penalty Shots
Jamie Benn, Chris Kreider, Timo Meier, Mats Zuccarello, Brayden Schenn

Scratches
Mason Shaw (Healthy), Eric Comrie (Healthy)

% Time on Ice - BOSTON Bruins

Lines # - Real PCT - Wanted PCT - Time Play
Normal Forward
1 - 35% - 38% - 15:42
2 - 33% - 34% - 14:49
3 - 21% - 20% - 9:27
4 - 10% - 8% - 4:18
Normal Defense
1 - 36% - 43% - 15:48
2 - 33% - 41% - 14:40
3 - 31% - 16% - 13:48
4 - 0% - 0% - 0:00
PP Forward
1 - 53% - 60% - 3:31
2 - 47% - 40% - 3:06
PP Defense
1 - 58% - 60% - 3:49
2 - 42% - 40% - 2:48
PK Forward
1 - 79% - 60% - 7:14
2 - 21% - 40% - 1:53
PK Defense
1 - 54% - 60% - 4:56
2 - 46% - 40% - 4:11
PK3 Forward
1 - 0% - 60%
2 - 0% - 40%
PK3 Defense
1 - 0% - 60%
2 - 0% - 40%
44 Forward
1 - 0% - 60%
2 - 0% - 40%
44 Defense
1 - 0% - 60%
2 - 0% - 40%
Last Minute Offensive  - 0:00
Last Minute Defensive  - 0:00
Total
Forward - 60:00
Defense - 60:00

% Time on Ice - NEW YORK Rangers

Lines # - Real PCT - Wanted PCT - Time Play
Normal Forward
1 - 36% - 40% - 16:04
2 - 29% - 30% - 12:45
3 - 25% - 20% - 11:05
4 - 10% - 10% - 4:22
Normal Defense
1 - 37% - 40% - 16:11
2 - 36% - 33% - 15:45
3 - 28% - 26% - 12:20
4 - 0% - 1% - 0:00
PP Forward
1 - 47% - 60% - 4:16
2 - 53% - 40% - 4:51
PP Defense
1 - 56% - 60% - 5:08
2 - 44% - 40% - 3:59
PK Forward
1 - 72% - 60% - 4:46
2 - 28% - 40% - 1:51
PK Defense
1 - 77% - 60% - 5:07
2 - 23% - 40% - 1:30
PK3 Forward
1 - 0% - 60%
2 - 0% - 40%
PK3 Defense
1 - 0% - 60%
2 - 0% - 40%
44 Forward
1 - 0% - 60%
2 - 0% - 40%
44 Defense
1 - 0% - 60%
2 - 0% - 40%
Last Minute Offensive  - 0:00
Last Minute Defensive  - 0:00
Total
Forward - 60:00
Defense - 60:00

Play-by-Play

1st period


0:01 of 1st period - Bo Horvat wins face-off versus Jamie Benn in neutral zone.
0:19 of 1st period - Icing by Justin Faulk.
0:20 of 1st period - Jamie Benn wins face-off versus Joel Eriksson Ek in NEW YORK Rangers zone.
1:20 of 1st period - Shot by Nathan Walker.
1:20 of 1st period - Stopped by Linus Ullmark without a rebound.
1:21 of 1st period - Brayden Schenn wins face-off versus Bo Horvat in NEW YORK Rangers zone.
1:21 of 1st period - Brayden Schenn is hit by Adrian Kempe.
1:28 of 1st period - Cam Fowler is hit by Victor Hedman and loses puck.
1:53 of 1st period - Shot by Bo Horvat.
1:53 of 1st period - Shot Misses the Net.
2:05 of 1st period - Shot by Bo Horvat.
2:05 of 1st period - Stopped by Linus Ullmark without a rebound.
2:06 of 1st period - Andrew Copp wins face-off versus Tomas Hertl in NEW YORK Rangers zone.
4:15 of 1st period - Off-side.
4:16 of 1st period - Brayden Schenn wins face-off versus Brad Marchand in neutral zone.
4:16 of 1st period - Brayden Schenn is hit by Adrian Kempe.
4:27 of 1st period - Brad Marchand is hit by Justin Faulk and loses puck.
4:33 of 1st period - Adrian Kempe is hit by Justin Faulk and loses puck.
4:35 of 1st period - Minor Penalty to Justin Faulk for Interference.
4:36 of 1st period - Jamie Benn wins face-off versus Tomas Hertl in NEW YORK Rangers zone.
4:55 of 1st period - Shot by Kirill Kaprizov.
4:55 of 1st period - Shot Blocked by Jared Spurgeon.
5:35 of 1st period - Shot by Brad Marchand.
5:35 of 1st period - Shot Blocked by Jared Spurgeon.
5:37 of 1st period - Shot by Brad Marchand.
5:37 of 1st period - Stopped by Linus Ullmark without a rebound.
5:38 of 1st period - Jamie Benn wins face-off versus Bo Horvat in NEW YORK Rangers zone.
5:38 of 1st period - Jamie Benn is hit by Brad Marchand.
5:52 of 1st period - Jamie Benn is hit by Bo Horvat and loses puck.
6:46 of 1st period - Icing by Adam Lowry.
6:47 of 1st period - Adam Lowry wins face-off versus Conor Garland in BOSTON Bruins zone.
7:26 of 1st period - Icing by Jacob Middleton.
7:27 of 1st period - Bo Horvat wins face-off versus Conor Garland in NEW YORK Rangers zone.
7:28 of 1st period - Shot by Adrian Kempe.
7:28 of 1st period - Shot Misses the Net.
7:30 of 1st period - Shot by Brad Marchand.
7:30 of 1st period - Goal by Brad Marchand - BOSTON Bruins : 1 - NEW YORK Rangers : 0.
7:31 of 1st period - Brad Marchand wins face-off versus Jamie Benn in neutral zone.
7:42 of 1st period - Shot by Bo Horvat.
7:42 of 1st period - Deflect By Adrian Kempe.
7:42 of 1st period - Stopped by Linus Ullmark without a rebound.
7:43 of 1st period - Joel Eriksson Ek wins face-off versus Casey Cizikas in NEW YORK Rangers zone.
7:50 of 1st period - Shot by Kirill Kaprizov.
7:50 of 1st period - Shot Misses the Net.
8:00 of 1st period - Shot by Vladislav Namestnikov.
8:00 of 1st period - Shot Misses the Net.
8:02 of 1st period - Shot by Justin Faulk.
8:02 of 1st period - Shot Blocked by Matt Dumba.
8:04 of 1st period - Shot by Jared Spurgeon.
8:04 of 1st period - Shot Blocked by Andrew Peeke.
8:06 of 1st period - Shot by Justin Faulk.
8:06 of 1st period - Shot Blocked by Andrew Peeke.
8:08 of 1st period - Shot by Jared Spurgeon.
8:08 of 1st period - Deflect By Vladislav Namestnikov.
8:08 of 1st period - Stopped by Tristan Jarry without a rebound.
8:09 of 1st period - Bo Horvat wins face-off versus Mats Zuccarello in BOSTON Bruins zone.
8:14 of 1st period - Jamie Benn is hit by Brad Marchand and loses puck.
8:26 of 1st period - Cam Fowler is hit by Adrian Kempe and loses puck.
8:39 of 1st period - Shot by Adrian Kempe.
8:39 of 1st period - Shot Misses the Net.
9:09 of 1st period - Andrew Peeke is hit by Jamie Benn and loses puck.
9:30 of 1st period - Shot by Joel Eriksson Ek.
9:30 of 1st period - Stopped by Linus Ullmark without a rebound.
9:31 of 1st period - Tomas Hertl wins face-off versus Brayden Schenn in NEW YORK Rangers zone.
9:35 of 1st period - Minor Penalty to Justin Faulk for Delaying the game.
9:36 of 1st period - Brayden Schenn wins face-off versus Tomas Hertl in NEW YORK Rangers zone.
9:47 of 1st period - Jacob Middleton is hit by Frank Vatrano and loses puck.
10:00 of 1st period - Shot by Kirill Kaprizov.
10:00 of 1st period - Shot Misses the Net.
10:02 of 1st period - Shot by Tomas Hertl.
10:02 of 1st period - Shot Blocked by Jared Spurgeon.
10:12 of 1st period - Shot by Joel Eriksson Ek.
10:12 of 1st period - Shot Misses the Net.
10:14 of 1st period - Shot by Tomas Hertl.
10:14 of 1st period - Shot Blocked by Jared Spurgeon.
10:36 of 1st period - Shot by Adrian Kempe.
10:36 of 1st period - Shot Blocked by Jacob Middleton.
10:38 of 1st period - Shot by Brad Marchand.
10:38 of 1st period - Stopped by Linus Ullmark without a rebound.
10:39 of 1st period - Jamie Benn wins face-off versus Bo Horvat in NEW YORK Rangers zone.
10:39 of 1st period - Jamie Benn is hit by Adrian Kempe.
10:59 of 1st period - Shot by Brad Marchand.
10:59 of 1st period - Shot Misses the Net.
11:01 of 1st period - Shot by Shea Theodore.
11:01 of 1st period - Stopped by Linus Ullmark with a rebound.
11:03 of 1st period - Shot by Adrian Kempe.
11:03 of 1st period - Deflect By Bo Horvat.
11:03 of 1st period - Goal by Bo Horvat - BOSTON Bruins : 2 - NEW YORK Rangers : 0.
11:04 of 1st period - Andrew Copp wins face-off versus Tomas Hertl in neutral zone.
11:20 of 1st period - Nathan Walker is hit by Justin Faulk and loses puck.
11:45 of 1st period - Shot by Tomas Hertl.
11:45 of 1st period - Shot Misses the Net.
11:54 of 1st period - Icing by Kasperi Kapanen.
11:55 of 1st period - Andrew Copp wins face-off versus Bo Horvat in NEW YORK Rangers zone.
12:10 of 1st period - Shot by Mats Zuccarello.
12:10 of 1st period - Stopped by Tristan Jarry with a rebound.
12:12 of 1st period - Shot by Jamie Benn.
12:12 of 1st period - Shot Blocked by Matt Dumba.
12:14 of 1st period - Shot by Mats Zuccarello.
12:14 of 1st period - Stopped by Tristan Jarry without a rebound.
12:15 of 1st period - Joel Eriksson Ek wins face-off versus Brayden Schenn in BOSTON Bruins zone.
13:17 of 1st period - Off-side.
13:18 of 1st period - Jamie Benn wins face-off versus Tomas Hertl in neutral zone.
13:42 of 1st period - Mats Zuccarello is hit by Matt Dumba and loses puck.
14:35 of 1st period - Shot by Adrian Kempe.
14:35 of 1st period - Deflect By Bo Horvat.
14:35 of 1st period - Stopped by Linus Ullmark without a rebound.
14:36 of 1st period - Joel Eriksson Ek wins face-off versus Casey Cizikas in NEW YORK Rangers zone.
15:12 of 1st period - Shot by Ryan Lomberg.
15:12 of 1st period - Shot Blocked by Victor Hedman.
15:54 of 1st period - Shot by Brayden Schenn.
15:54 of 1st period - Shot Misses the Net.
15:57 of 1st period - Icing by Jaycob Megna.
15:58 of 1st period - Jamie Benn wins face-off versus Bo Horvat in BOSTON Bruins zone.
17:08 of 1st period - Icing by Tomas Hertl.
17:09 of 1st period - Brayden Schenn wins face-off versus Tomas Hertl in BOSTON Bruins zone.
17:20 of 1st period - Shot by Tomas Hertl.
17:20 of 1st period - Stopped by Linus Ullmark without a rebound.
17:21 of 1st period - Andrew Copp wins face-off versus Joel Eriksson Ek in NEW YORK Rangers zone.
17:21 of 1st period - Andrew Copp is hit by Kirill Kaprizov.
17:36 of 1st period - Kirill Kaprizov is hit by Tyler Myers.
17:46 of 1st period - Shot by Kirill Kaprizov.
17:46 of 1st period - Stopped by Linus Ullmark without a rebound.
17:47 of 1st period - Bo Horvat wins face-off versus Brayden Schenn in NEW YORK Rangers zone.
17:50 of 1st period - Shot by Bo Horvat.
17:50 of 1st period - Deflect By Brad Marchand.
17:50 of 1st period - Shot Blocked by Brayden Schenn.
18:16 of 1st period - Shot by Brayden Schenn.
18:16 of 1st period - Stopped by Tristan Jarry with a rebound.
18:17 of 1st period - Minor Penalty to Jaycob Megna for Tripping.
18:18 of 1st period - Adam Lowry wins face-off versus Jamie Benn in BOSTON Bruins zone.
18:29 of 1st period - Shot by Andrew Copp.
18:29 of 1st period - Shot Misses the Net.
18:40 of 1st period - Jamie Benn is hit by Matt Dumba and loses puck.
18:49 of 1st period - Shot by Jamie Benn.
18:49 of 1st period - Stopped by Tristan Jarry without a rebound.
18:50 of 1st period - Brayden Schenn wins face-off versus Adam Lowry in BOSTON Bruins zone.
19:28 of 1st period - Shot by Jared Spurgeon.
19:28 of 1st period - Goal by Jared Spurgeon - BOSTON Bruins : 2 - NEW YORK Rangers : 1.
19:29 of 1st period - Joel Eriksson Ek wins face-off versus Jamie Benn in neutral zone.
Goals for this period are 2 for BOSTON Bruins vs 1 for NEW YORK Rangers.
Shots for this period are 12 for BOSTON Bruins vs 6 for NEW YORK Rangers.

2nd period


0:01 of 2nd period - Bo Horvat wins face-off versus Jamie Benn in neutral zone.
0:01 of 2nd period - Matt Dumba is hit by Jamie Benn and loses puck.
0:21 of 2nd period - Mats Zuccarello is hit by Matt Dumba and loses puck.
0:24 of 2nd period - Shot by Chris Kreider.
0:24 of 2nd period - Deflect By Mats Zuccarello.
0:24 of 2nd period - Shot Blocked by Andrew Peeke.
0:43 of 2nd period - Mats Zuccarello is hit by Matt Dumba and loses puck.
1:02 of 2nd period - Shot by Conor Garland.
1:02 of 2nd period - Shot Misses the Net.
1:22 of 2nd period - Shot by Brayden Schenn.
1:22 of 2nd period - Stopped by Tristan Jarry without a rebound.
1:23 of 2nd period - Joel Eriksson Ek wins face-off versus Kasperi Kapanen in BOSTON Bruins zone.
2:43 of 2nd period - Shot by Blake Wheeler.
2:43 of 2nd period - Stopped by Linus Ullmark without a rebound.
2:44 of 2nd period - Brayden Schenn wins face-off versus Adam Lowry in NEW YORK Rangers zone.
2:44 of 2nd period - Brayden Schenn is hit by Michael Pezzetta.
2:59 of 2nd period - Shot by Brayden Schenn.
2:59 of 2nd period - Shot Blocked by Andrew Peeke.
3:43 of 2nd period - Bo Horvat is hit by Chris Kreider and loses puck.
4:20 of 2nd period - Shot by Justin Faulk.
4:20 of 2nd period - Shot Misses the Net.
4:53 of 2nd period - Casey Cizikas is hit by Joel Eriksson Ek and loses puck.
5:23 of 2nd period - Icing by Victor Hedman.
5:24 of 2nd period - Brayden Schenn wins face-off versus Joel Eriksson Ek in BOSTON Bruins zone.
5:46 of 2nd period - Minor Penalty to Andrew Peeke for Cross-checking.
5:47 of 2nd period - Adam Lowry wins face-off versus Jamie Benn in BOSTON Bruins zone.
6:04 of 2nd period - Shot by Chris Kreider.
6:04 of 2nd period - Shot Misses the Net.
6:06 of 2nd period - Shot by Justin Faulk.
6:06 of 2nd period - Shot Blocked by Matt Dumba.
6:16 of 2nd period - Shot by Jamie Benn.
6:16 of 2nd period - Stopped by Tristan Jarry without a rebound.
6:17 of 2nd period - Brayden Schenn wins face-off versus Adam Lowry in BOSTON Bruins zone.
6:36 of 2nd period - Shot by Tyler Myers.
6:36 of 2nd period - Shot Misses the Net.
6:38 of 2nd period - Shot by Tyler Myers.
6:38 of 2nd period - Shot Blocked by Brad Marchand.
6:40 of 2nd period - Shot by Cam Fowler.
6:40 of 2nd period - Shot Misses the Net.
6:42 of 2nd period - Shot by Kasperi Kapanen.
6:42 of 2nd period - Stopped by Tristan Jarry without a rebound.
6:43 of 2nd period - Jamie Benn wins face-off versus Joel Eriksson Ek in BOSTON Bruins zone.
6:46 of 2nd period - Shot by Justin Faulk.
6:46 of 2nd period - Shot Misses the Net.
6:59 of 2nd period - Off-side.
7:00 of 2nd period - Brayden Schenn wins face-off versus Brad Marchand in neutral zone.
7:00 of 2nd period - Brayden Schenn is hit by Brad Marchand.
7:19 of 2nd period - Icing by Timo Meier.
7:20 of 2nd period - Adam Lowry wins face-off versus Brayden Schenn in NEW YORK Rangers zone.
7:54 of 2nd period - Shot by Mats Zuccarello.
7:54 of 2nd period - Stopped by Tristan Jarry with a rebound.
7:56 of 2nd period - Shot by Jamie Benn.
7:56 of 2nd period - Stopped by Tristan Jarry without a rebound.
7:57 of 2nd period - Casey Cizikas wins face-off versus Blake Wheeler in BOSTON Bruins zone.
8:16 of 2nd period - Nathan Walker is hit by Ryan Lomberg and loses puck.
8:35 of 2nd period - Shot by Nathan Walker.
8:35 of 2nd period - Stopped by Linus Ullmark without a rebound.
8:36 of 2nd period - Jamie Benn wins face-off versus Joel Eriksson Ek in NEW YORK Rangers zone.
9:17 of 2nd period - Shot by Mats Zuccarello.
9:17 of 2nd period - Shot Misses the Net.
9:19 of 2nd period - Shot by Cam Fowler.
9:19 of 2nd period - Shot Misses the Net.
9:21 of 2nd period - Shot by Jamie Benn.
9:21 of 2nd period - Goal by Jamie Benn - BOSTON Bruins : 2 - NEW YORK Rangers : 2.
9:22 of 2nd period - Brayden Schenn wins face-off versus Bo Horvat in neutral zone.
9:32 of 2nd period - Icing by Adrian Kempe.
9:33 of 2nd period - Brad Marchand wins face-off versus Andrew Copp in BOSTON Bruins zone.
9:52 of 2nd period - Shot by Bo Horvat.
9:52 of 2nd period - Stopped by Linus Ullmark without a rebound.
9:53 of 2nd period - Brayden Schenn wins face-off versus Tomas Hertl in NEW YORK Rangers zone.
10:14 of 2nd period - Shot by Tomas Hertl.
10:14 of 2nd period - Deflect By Blake Wheeler.
10:14 of 2nd period - Stopped by Linus Ullmark with a rebound.
10:29 of 2nd period - Shot by Tomas Hertl.
10:29 of 2nd period - Shot Misses the Net.
10:34 of 2nd period - Blake Wheeler is hit by Dante Fabbro and loses puck.
10:36 of 2nd period - Minor Penalty to Jacob Middleton for Tripping.
10:37 of 2nd period - Adrian Kempe wins face-off versus Jamie Benn in NEW YORK Rangers zone.
11:01 of 2nd period - Shot by Adrian Kempe.
11:01 of 2nd period - Deflect By Bo Horvat.
11:01 of 2nd period - Shot Misses the Net.
11:03 of 2nd period - Shot by Victor Hedman.
11:03 of 2nd period - Deflect By Bo Horvat.
11:03 of 2nd period - Stopped by Linus Ullmark without a rebound.
11:04 of 2nd period - Jamie Benn wins face-off versus Tomas Hertl in NEW YORK Rangers zone.
11:13 of 2nd period - Shot by Joel Eriksson Ek.
11:13 of 2nd period - Shot Misses the Net.
11:15 of 2nd period - Shot by Tomas Hertl.
11:15 of 2nd period - Deflect By Joel Eriksson Ek.
11:15 of 2nd period - Shot Misses the Net.
11:17 of 2nd period - Shot by Shea Theodore.
11:17 of 2nd period - Stopped by Linus Ullmark without a rebound.
11:18 of 2nd period - Bo Horvat wins face-off versus Jamie Benn in NEW YORK Rangers zone.
11:37 of 2nd period - Shot by Victor Hedman.
11:37 of 2nd period - Shot Misses the Net.
11:39 of 2nd period - Shot by Victor Hedman.
11:39 of 2nd period - Goal by Victor Hedman - BOSTON Bruins : 3 - NEW YORK Rangers : 2.
11:40 of 2nd period - Brayden Schenn wins face-off versus Tomas Hertl in neutral zone.
12:17 of 2nd period - Icing by Andrew Peeke.
12:18 of 2nd period - Tomas Hertl wins face-off versus Andrew Copp in BOSTON Bruins zone.
12:18 of 2nd period - Tomas Hertl is hit by Andrew Copp.
12:59 of 2nd period - Shot by Kasperi Kapanen.
12:59 of 2nd period - Stopped by Tristan Jarry without a rebound.
13:00 of 2nd period - Jamie Benn wins face-off versus Bo Horvat in BOSTON Bruins zone.
13:07 of 2nd period - Brad Marchand is hit by Jamie Benn and loses puck.
13:18 of 2nd period - Shot by Adrian Kempe.
13:18 of 2nd period - Stopped by Linus Ullmark without a rebound.
13:19 of 2nd period - Joel Eriksson Ek wins face-off versus Brayden Schenn in NEW YORK Rangers zone.
13:28 of 2nd period - Shot by Kirill Kaprizov.
13:28 of 2nd period - Stopped by Linus Ullmark without a rebound.
13:29 of 2nd period - Jamie Benn wins face-off versus Bo Horvat in NEW YORK Rangers zone.
13:54 of 2nd period - Shot by Chris Kreider.
13:54 of 2nd period - Stopped by Tristan Jarry with a rebound.
13:56 of 2nd period - Shot by Jared Spurgeon.
13:56 of 2nd period - Goal by Jared Spurgeon - BOSTON Bruins : 3 - NEW YORK Rangers : 3.
13:57 of 2nd period - Brayden Schenn wins face-off versus Joel Eriksson Ek in neutral zone.
14:13 of 2nd period - Off-side.
14:14 of 2nd period - Jamie Benn wins face-off versus Bo Horvat in neutral zone.
14:16 of 2nd period - Mats Zuccarello is hit by Victor Hedman and loses puck.
15:41 of 2nd period - Shot by Kirill Kaprizov.
15:41 of 2nd period - Stopped by Linus Ullmark without a rebound.
15:42 of 2nd period - Adam Lowry wins face-off versus Kirill Marchenko in NEW YORK Rangers zone.
16:54 of 2nd period - Shot by Joel Eriksson Ek.
16:54 of 2nd period - Stopped by Linus Ullmark with a rebound.
16:56 of 2nd period - Shot by Andrew Peeke.
16:56 of 2nd period - Shot Misses the Net.
17:48 of 2nd period - Shot by Adrian Kempe.
17:48 of 2nd period - Stopped by Linus Ullmark without a rebound.
17:49 of 2nd period - Tomas Hertl wins face-off versus Jamie Benn in NEW YORK Rangers zone.
18:19 of 2nd period - Minor Penalty to Jaycob Megna for Holding.
18:20 of 2nd period - Adam Lowry wins face-off versus Brayden Schenn in BOSTON Bruins zone.
18:35 of 2nd period - Brad Marchand is hit by Vladislav Namestnikov and loses puck.
18:40 of 2nd period - Shot by Jared Spurgeon.
18:40 of 2nd period - Shot Misses the Net.
Goals for this period are 1 for BOSTON Bruins vs 2 for NEW YORK Rangers.
Shots for this period are 12 for BOSTON Bruins vs 9 for NEW YORK Rangers.

3rd period


0:01 of 3rd period - Adam Lowry wins face-off versus Jamie Benn in neutral zone.
0:27 of 3rd period - Minor Penalty to Brad Hunt for Roughing.
0:28 of 3rd period - Adam Lowry wins face-off versus Brayden Schenn in BOSTON Bruins zone.
0:39 of 3rd period - Shot by Brayden Schenn.
0:39 of 3rd period - Shot Misses the Net.
0:41 of 3rd period - Shot by Cam Fowler.
0:41 of 3rd period - Shot Misses the Net.
0:43 of 3rd period - Shot by Kasperi Kapanen.
0:43 of 3rd period - Stopped by Tristan Jarry with a rebound.
0:45 of 3rd period - Shot by Cam Fowler.
0:45 of 3rd period - Shot Misses the Net.
0:47 of 3rd period - Shot by Tyler Myers.
0:47 of 3rd period - Stopped by Tristan Jarry without a rebound.
0:48 of 3rd period - Adam Lowry wins face-off versus Jamie Benn in BOSTON Bruins zone.
0:54 of 3rd period - Icing by Justin Faulk.
0:55 of 3rd period - Jamie Benn wins face-off versus Adam Lowry in NEW YORK Rangers zone.
1:19 of 3rd period - Shot by Jamie Benn.
1:19 of 3rd period - Stopped by Tristan Jarry without a rebound.
1:20 of 3rd period - Joel Eriksson Ek wins face-off versus Brayden Schenn in BOSTON Bruins zone.
1:33 of 3rd period - Off-side.
1:34 of 3rd period - Jamie Benn wins face-off versus Joel Eriksson Ek in neutral zone.
1:53 of 3rd period - Shot by Jared Spurgeon.
1:53 of 3rd period - Shot Misses the Net.
1:55 of 3rd period - Shot by Chris Kreider.
1:55 of 3rd period - Shot Misses the Net.
1:57 of 3rd period - Shot by Andrew Copp.
1:57 of 3rd period - Shot Blocked by Adam Lowry.
1:59 of 3rd period - Shot by Jamie Benn.
1:59 of 3rd period - Stopped by Tristan Jarry without a rebound.
2:00 of 3rd period - Brayden Schenn wins face-off versus Adam Lowry in BOSTON Bruins zone.
2:11 of 3rd period - Shot by Tyler Myers.
2:11 of 3rd period - Shot Misses the Net.
2:13 of 3rd period - Shot by Timo Meier.
2:13 of 3rd period - Stopped by Tristan Jarry without a rebound.
2:14 of 3rd period - Joel Eriksson Ek wins face-off versus Jamie Benn in BOSTON Bruins zone.
2:19 of 3rd period - Shot by Nathan Walker.
2:19 of 3rd period - Shot Misses the Net.
2:57 of 3rd period - Shot by Timo Meier.
2:57 of 3rd period - Shot Misses the Net.
2:59 of 3rd period - Shot by Conor Garland.
2:59 of 3rd period - Shot Misses the Net.
3:32 of 3rd period - Jamie Benn is hit by Matt Dumba and loses puck.
3:37 of 3rd period - Shot by Chris Kreider.
3:37 of 3rd period - Shot Blocked by Andrew Peeke.
3:39 of 3rd period - Shot by Justin Faulk.
3:39 of 3rd period - Shot Misses the Net.
3:41 of 3rd period - Shot by Jamie Benn.
3:41 of 3rd period - Shot Misses the Net.
3:43 of 3rd period - Shot by Jamie Benn.
3:43 of 3rd period - Stopped by Tristan Jarry without a rebound.
3:44 of 3rd period - Andrew Copp wins face-off versus Bo Horvat in BOSTON Bruins zone.
3:46 of 3rd period - Kasperi Kapanen is hit by Shea Theodore and loses puck.
4:58 of 3rd period - Minor Penalty to Matt Dumba for Holding.
4:59 of 3rd period - Nathan Walker wins face-off versus Brayden Schenn in BOSTON Bruins zone.
6:03 of 3rd period - Icing by Cam Fowler.
6:04 of 3rd period - Jamie Benn wins face-off versus Adam Lowry in NEW YORK Rangers zone.
6:38 of 3rd period - Icing by Kasperi Kapanen.
6:39 of 3rd period - Kasperi Kapanen wins face-off versus Adam Lowry in NEW YORK Rangers zone.
6:46 of 3rd period - Shot by Jared Spurgeon.
6:46 of 3rd period - Stopped by Tristan Jarry without a rebound.
6:47 of 3rd period - Adam Lowry wins face-off versus Brayden Schenn in BOSTON Bruins zone.
7:16 of 3rd period - Shot by Ryan Lomberg.
7:16 of 3rd period - Shot Misses the Net.
7:20 of 3rd period - Shot by Casey Cizikas.
7:20 of 3rd period - Shot Hit the Post.
8:06 of 3rd period - Shot by Mats Zuccarello.
8:06 of 3rd period - Stopped by Tristan Jarry without a rebound.
8:07 of 3rd period - Conor Garland wins face-off versus Bo Horvat in BOSTON Bruins zone.
8:16 of 3rd period - Shot by Brad Marchand.
8:16 of 3rd period - Stopped by Linus Ullmark without a rebound.
8:17 of 3rd period - Jamie Benn wins face-off versus Bo Horvat in NEW YORK Rangers zone.
10:17 of 3rd period - Icing by Jacob Middleton.
10:18 of 3rd period - Joel Eriksson Ek wins face-off versus Andrew Copp in NEW YORK Rangers zone.
10:58 of 3rd period - Shot by Kirill Kaprizov.
10:58 of 3rd period - Shot Misses the Net.
11:09 of 3rd period - Dante Fabbro is hit by Jaycob Megna and loses puck.
11:37 of 3rd period - Andrew Peeke is hit by Jamie Benn and loses puck.
12:10 of 3rd period - Shot by Andrew Peeke.
12:10 of 3rd period - Stopped by Linus Ullmark with a rebound.
12:27 of 3rd period - Icing by Bo Horvat.
12:28 of 3rd period - Bo Horvat wins face-off versus Brayden Schenn in BOSTON Bruins zone.
12:28 of 3rd period - Bo Horvat is hit by Conor Garland.
12:34 of 3rd period - Shot by Adrian Kempe.
12:34 of 3rd period - Deflect By Bo Horvat.
12:34 of 3rd period - Goal by Bo Horvat - BOSTON Bruins : 4 - NEW YORK Rangers : 3.
12:35 of 3rd period - Bo Horvat wins face-off versus Brayden Schenn in neutral zone.
12:54 of 3rd period - Shot by Conor Garland.
12:54 of 3rd period - Shot Blocked by Brad Marchand.
13:04 of 3rd period - Shot by Conor Garland.
13:04 of 3rd period - Stopped by Tristan Jarry without a rebound.
13:05 of 3rd period - Andrew Copp wins face-off versus Frank Vatrano in BOSTON Bruins zone.
13:09 of 3rd period - Icing by Andrew Peeke.
13:10 of 3rd period - Andrew Copp wins face-off versus Joel Eriksson Ek in BOSTON Bruins zone.
13:23 of 3rd period - Shot by Frank Vatrano.
13:23 of 3rd period - Shot Misses the Net.
13:53 of 3rd period - Matt Dumba is hit by Andrew Copp.
14:04 of 3rd period - Dante Fabbro is hit by Adrian Kempe and loses puck.
14:26 of 3rd period - Victor Hedman is hit by Jamie Benn and loses puck.
14:31 of 3rd period - Shot by Mats Zuccarello.
14:31 of 3rd period - Shot Blocked by Bo Horvat.
14:33 of 3rd period - Shot by Jared Spurgeon.
14:33 of 3rd period - Stopped by Tristan Jarry with a rebound.
14:35 of 3rd period - Shot by Justin Faulk.
14:35 of 3rd period - Shot Blocked by Victor Hedman.
15:12 of 3rd period - Icing by Shea Theodore.
15:13 of 3rd period - Brayden Schenn wins face-off versus Bo Horvat in BOSTON Bruins zone.
15:14 of 3rd period - Shot by Conor Garland.
15:14 of 3rd period - Stopped by Tristan Jarry without a rebound.
15:15 of 3rd period - Joel Eriksson Ek wins face-off versus Brayden Schenn in BOSTON Bruins zone.
15:17 of 3rd period - Icing by Kirill Kaprizov.
15:18 of 3rd period - Brayden Schenn wins face-off versus Joel Eriksson Ek in BOSTON Bruins zone.
15:42 of 3rd period - Joel Eriksson Ek is hit by Tyler Myers and loses puck.
15:45 of 3rd period - Shot by Joel Eriksson Ek.
15:45 of 3rd period - Shot Misses the Net.
15:52 of 3rd period - Kirill Kaprizov is hit by Tyler Myers and loses puck.
15:56 of 3rd period - Minor Penalty to Cam Fowler for Boarding.
15:57 of 3rd period - Bo Horvat wins face-off versus Jamie Benn in NEW YORK Rangers zone.
15:57 of 3rd period - Bo Horvat is hit by Justin Faulk.
16:04 of 3rd period - Shot by Brad Marchand.
16:04 of 3rd period - Goal by Brad Marchand - BOSTON Bruins : 5 - NEW YORK Rangers : 3.
16:05 of 3rd period - Jamie Benn wins face-off versus Tomas Hertl in neutral zone.
16:22 of 3rd period - Blake Wheeler is hit by Justin Faulk and loses puck.
16:42 of 3rd period - Shot by Blake Wheeler.
16:42 of 3rd period - Stopped by Linus Ullmark without a rebound.
16:43 of 3rd period - Brayden Schenn wins face-off versus Bo Horvat in NEW YORK Rangers zone.
16:52 of 3rd period - Shot by Brayden Schenn.
16:52 of 3rd period - Shot Misses the Net.
16:59 of 3rd period - Adrian Kempe is hit by Tyler Myers and loses puck.
17:00 of 3rd period - Minor Penalty to Tyler Myers for Roughing.
17:01 of 3rd period - Jamie Benn wins face-off versus Frank Vatrano in NEW YORK Rangers zone.
19:01 of 3rd period - Off-side.
19:02 of 3rd period - Andrew Copp wins face-off versus Adam Lowry in neutral zone.
19:23 of 3rd period - Shot by Adam Lowry.
19:23 of 3rd period - Stopped by Linus Ullmark without a rebound.
19:24 of 3rd period - Tomas Hertl wins face-off versus Chris Kreider in NEW YORK Rangers zone.
19:24 of 3rd period - Matt Dumba is hit by Tyler Myers and loses puck.
19:28 of 3rd period - Icing by Jamie Benn.
19:29 of 3rd period - Bo Horvat wins face-off versus Jamie Benn in NEW YORK Rangers zone.
19:46 of 3rd period - Shot by Jamie Benn.
19:46 of 3rd period - Shot Misses the Net.
19:48 of 3rd period - Shot by Tyler Myers.
19:48 of 3rd period - Stopped by Tristan Jarry without a rebound.
19:49 of 3rd period - Brayden Schenn wins face-off versus Joel Eriksson Ek in BOSTON Bruins zone.
19:53 of 3rd period - Icing by Andrew Peeke.
19:54 of 3rd period - Joel Eriksson Ek wins face-off versus Jamie Benn in BOSTON Bruins zone.
Goals for this period are 2 for BOSTON Bruins vs 0 for NEW YORK Rangers.
Shots for this period are 6 for BOSTON Bruins vs 12 for NEW YORK Rangers. Output by the SimonT Hockey Simulator (STHS) for Martin Benoit - Original Page W3C HTML5 Valid
Hockey Simulator - Hockey Simulation - Hockey Manager